 Dungeon Crawl Stone Soup version 0.29.1-13-g9f3cf754e1 (webtiles) character file.

Game seed: 14026063530209492481

12649 xian the Cleaver (level 11, -3/68 HPs)
             Began as a Gargoyle Fighter on Feb 7, 2023.
             Was a High Priest of Lugonu.
             Killed from afar by an oklob plant (9 damage)
             ... with a splash of acid
             ... on level 11 of the Dungeon.
             The game lasted 00:24:11 (10760 turns).

xian the Cleaver (Gargoyle Fighter)                Turns: 10760, Time: 00:24:12

Health: -3/68      AC: 20    Str: 30    XL:     11   Next: 96%
Magic:  17/17      EV: 12    Int: 16    God:    Lugonu [*****.]
Gold:   748        SH:  5    Dex:  9    Spells: 10/10 levels left

rFire   . . .      SeeInvis .   y - +8 hand axe of Anguish {drain, *Rage rPois Int+3}
rCold   . . .      Faith    .   c - +0 buckler
rNeg    + + .      Spirit   .   V - +8 plate armour {ponderous}
rPois   ∞          Reflect  .   (no helmet)
rElec   +          Harm     .   q - +0 cloak
rCorr   .          Rampage  .   G - +0 pair of gloves
Will    .....      Rage     20% s - +2 pair of boots
Stlth   ..........              D - amulet of the acrobat
HPRegen 0.21/turn               w - +6 ring of strength
MPRegen 0.15/turn               x - ring "Miew" {rN+ EV+4 Int+4}

@: corroded, on berserk cooldown, slowed, studying Ranged Weapons, very slow
A: sickness immunity, AC +8, negative energy resistance 1, electricity
resistance, torment resistance 1, petrification resistance
a: Renounce Religion, Depart the Abyss, Bend Space, Banish, Corrupt, Enter the
Abyss


You were on level 11 of the Dungeon.
You worshipped Lugonu.
Lugonu was extremely pleased with you.
You visited 1 branch of the dungeon, and saw 11 of its levels.

You collected 748 gold pieces.

Inventory:

Hand Weapons
 y - the +8 hand axe of Anguish (weapon) {drain, *Rage rPois Int+3}
   (You found it on level 3 of the Dungeon)

   A truly terrible weapon, it drains the life of any living foe it strikes.
   Int:       It affects your intelligence (+3).
   rPois:     It protects you from poison.
   *Rage:     It berserks you when you make melee attacks (+20% chance).
 O - a +2 shortbow of freezing
Missiles
 b - 35 poisoned darts
 k - 75 stones (quivered)
 P - 4 curare-tipped darts
 Q - a boomerang of dispersal
 U - 7 boomerangs
Armour
 c - a +0 buckler (worn)
 q - a +0 cloak (worn)
 s - a +2 pair of boots (worn)
 G - a +0 pair of gloves (worn)
 K - a +0 plate armour
 V - a +8 plate armour of ponderousness (worn)
Magical Staves
 a - a staff of cold
Jewellery
 w - a +6 ring of strength (left hand)
 x - the ring "Miew" (right hand) {rN+ EV+4 Int+4}
   (You found it on level 3 of the Dungeon)

   [ring of evasion]

   EV:        It affects your evasion (+4).
   Int:       It affects your intelligence (+4).
   rN:        It protects you from negative energy.
 D - an amulet of the acrobat (around neck)
 N - a ring of flight
 R - a ring of resist corrosion
 T - an amulet of regeneration
Wands
 g - a wand of quicksilver (2)
 E - a wand of mindburst (10)
 F - a wand of polymorph (7)
 H - a wand of flame (66)
 L - a wand of charming (12)
 M - a wand of iceblast (8)
Scrolls
 e - 3 scrolls of immolation
 j - 2 scrolls of magic mapping
 n - 5 scrolls of teleportation
 o - a scroll of fear
 B - a scroll of amnesia
 I - a scroll of blinking
 J - a scroll of brand weapon
 S - a scroll of fog
 W - a scroll of identify
Potions
 d - 3 potions of might
 f - 5 potions of mutation {unknown}
 h - a potion of lignification {unknown}
 i - 8 potions of curing {unknown}
 l - 2 potions of berserk rage
 m - 2 potions of heal wounds {unknown}
 p - 2 potions of brilliance {unknown}
 r - a potion of cancellation {unknown}
 t - 6 potions of attraction {unknown}
 u - a potion of degeneration {unknown}
 v - a potion of invisibility {unknown}
 z - a potion of magic
 A - 3 potions of ambrosia {unknown}
 C - a potion of flight


   Skills:
 + Level 7.8 Fighting
 + Level 0.4 Short Blades
 + Level 10.3(10.5) Axes
 + Level 3.6(8.1) Maces & Flails
 + Level 1.8 Throwing
 + Level 9.9 Armour
 + Level 1.7 Dodging
 + Level 2.4 Stealth
 + Level 6.7 Shields
 * Level 8.4 Invocations


You had 10 spell levels left.
You didn't know any spells.
Your spell library contained the following spells:

 Spells                   Type           Power      Damage    Failure   Level
 Beastly Appendage        Tmut           0%         N/A       93%         1
 Ensorcelled Hibernation  Hex/Ice        0%         N/A       98%         2
 Passwall                 Tmut/Erth      0%         N/A       98%         2
 Scorch                   Fire           0%         2d5       98%         2
 Wereblood                Tmut           0%         N/A       98%         2
 Spider Form              Tmut/Pois      0%         N/A       100%        3
 Swiftness                Air            0%         N/A       100%        3
 Airstrike                Air            0%         2d(0-16)  100%        4
 Summon Lightning Spire   Summ/Air       0%         N/A       100%        4
 Blade Hands              Tmut           0%         N/A       100%        5
 Irradiate                Conj/Tmut      0%         3d11      100%        5
 Lightning Bolt           Conj/Air       0%         1d11      100%        5
 Starburst                Conj/Fire      0%         6d3       100%        6
 Dragon Form              Tmut           0%         N/A       100%        7
 Malign Gateway           Summ/Tloc      0%         N/A       100%        7


Dungeon Overview and Level Annotations

Branches:
Dungeon (11/15)            Temple (0/1) D:7            Lair (0/5) D:11
    Orc: D:9-12

Altars:
Ashenzari
Dithmenos
Elyvilon
Gozag
Vehumet
Zin
The Shining One
Lugonu

Shops:
D:1 :   D:6 *   D:7 *

Annotations:
D:11 exclusion: oklob plant


Innate Abilities, Weirdness & Mutations

You are immune to sickness and miasma.
Your stone body is resilient. (AC +8)
You are immune to poison.
You resist negative energy. (rN+)
You are resistant to electric shocks. (rElec)
You are resistant to unholy torment.
You are immune to petrification.


Message History

You hit the oklob plant.
The oklob plant is heavily damaged.
You hit the oklob plant but do no damage.
The oklob plant is heavily damaged.
The oklob plant spits acid at you. The splash of acid misses you.
You hit the oklob plant but do no damage.
You drain the oklob plant.
The oklob plant is heavily damaged.
You hit the oklob plant but do no damage.
The oklob plant is heavily damaged.
You hit the oklob plant but do no damage.
You drain the oklob plant.
The oklob plant is severely damaged.
The oklob plant spits acid at you. The splash of acid hits you!
* * * LOW HITPOINT WARNING * * *
You hit the oklob plant but do no damage.
You drain the oklob plant.
The oklob plant is severely damaged.
The oklob plant spits acid at you. The splash of acid hits you!
* * * LOW HITPOINT WARNING * * *
You hit the oklob plant but do no damage.
You drain the oklob plant.
The oklob plant is severely damaged.
You hit the oklob plant but do no damage.
You drain the oklob plant.
The oklob plant is severely damaged.
Okay, then.
You hit the oklob plant but do no damage.
You drain the oklob plant.
The oklob plant is almost destroyed.
Unknown command.
You hit the oklob plant but do no damage.
You drain the oklob plant.
The oklob plant is almost destroyed.
The oklob plant spits acid at you. The splash of acid hits you!
You die...

^.# ..# . . ..# .....
####$.####
......#######.........
.... #...≈...#....####.
.......#...#...........
......##...##.......###
#.#..@..P...#...#....
#.#≈.P.>PP.≈#...#####.
#.#...PPPP..#.........
#...##P..##....#######
#....#...#........#
#..#...≈...#...##.#
#...#######....##.###
##
###.......###>......#
.# ##..............#.#


You could see an oklob plant (very drained).

Vanquished Creatures
  A boulder beetle (D:11)
  4 two-headed ogres
  An oklob plant (D:11)
  A gargoyle (D:10)
  Psyche (D:9)
  Maggie (D:6)
  A kobold demonologist (D:9)
  A hornet (D:9)
  2 trolls (D:9)
  Grinder (D:5)
  2 shadows
  A vampire (D:9)
  A wraith (D:9)
  8 yaks
  3 wyverns
  A steam dragon (D:8)
  Grum (D:9)
  Menkaure (D:6)
  A floating eye (D:9)
  A black bear (D:6)
  2 water moccasins
  5 orc warriors
  3 wolves (D:9)
  7 centaurs
  An ogre (D:7)
  A phantom (D:3)
  7 kobold brigands
  5 bullfrogs
  A gnoll sergeant (D:8)
  4 scorpions
  A necrophage (D:5)
  10 wights
  3 killer bees
  4 howler monkeys
  3 hounds
  3 jellies
  Crazy Yiuf (D:4)
  2 gnoll boudas
  4 orc priests
  5 iguanas
  12 orc wizards
  12 gnolls
  6 adders
  3 shadow imps
  5 white imps
  3 ufetubi
  2 dart slugs (D:5)
  33 orcs
  7 endoplasms
  3 giant cockroaches
  7 goblins
  A hobgoblin (D:1)
  11 jackals
  5 quokkas
  6 ball pythons
  2 bats
  A frilled lizard (D:1)
  17 kobolds
  3 rats
245 creatures vanquished.

Vanquished Creatures (others)
  5 plants (D:11)
5 creatures vanquished.

Grand Total: 250 creatures vanquished

Notes
Turn   | Place    | Note
-------+----------+-------------------------------------------
     0 | D:1      | xian the Gargoyle Fighter began the quest for the Orb.
     0 | D:1      | Reached XP level 1. HP: 14/14 MP: 1/1
   135 | D:1      | Reached XP level 2. HP: 9/19 MP: 2/2
   650 | D:1      | Reached XP level 3. HP: 23/23 MP: 3/3
   783 | D:1      | Found Qiynunuf's Vocational Training.
  1057 | D:2      | Found a faded altar of an unknown god.
  1094 | D:2      | Prayed at the altar of an unknown god.
  1094 | D:2      | Became a worshipper of Lugonu the Unformed
  1094 | D:2      | Reached * piety under Lugonu
  1094 | D:2      | Reached ** piety under Lugonu
  1684 | D:3      | Reached XP level 4. HP: 28/28 MP: 4/4
  1687 | D:3      | Noticed a phantom
  1868 | D:3      | Identified the ring "Miew" {rN+ EV+4 Int+4}
  1888 | D:3      | Identified the +8 hand axe of Anguish {drain, *Rage rPois
                  | Int+3}
  2108 | D:3      | Found an opulent altar of Gozag.
  2172 | D:3      | Killed a phantom
  2173 | D:3      | Reached skill level 1 in Invocations
  2173 | D:3      | Reached XP level 5. HP: 32/33 MP: 5/5
  2368 | D:4      | Found a white marble altar of Elyvilon.
  2472 | D:4      | Reached *** piety under Lugonu
  2594 | D:4      | Reached XP level 6. HP: 38/38 MP: 7/7
  2954 | D:4      | Found a runed translucent door.
  2955 | D:4      | Noticed Crazy Yiuf
  2960 | D:4      | Killed Crazy Yiuf
  3009 | D:5      | Entered Level 5 of the Dungeon
  3028 | D:5      | Reached skill level 1 in Axes
  3079 | D:5      | Reached skill level 1 in Dodging
  3079 | D:5      | Reached XP level 7. HP: 43/43 MP: 8/8
  3108 | D:5      | Reached skill level 5 in Armour
  3123 | D:5      | Noticed Grinder
  3128 | D:5      | Paralysed by Grinder for 3 turns
  3138 | D:5      | Killed Grinder
  3139 | D:5      | Reached skill level 2 in Axes
  3144 | D:5      | Got the Codex of Non-Euclidean Fire
  3358 | D:5      | Reached skill level 3 in Axes
  3358 | D:5      | Reached XP level 8. HP: 48/48 MP: 10/10
  3430 | D:5      | Identified the +3 leather armour of Keluosat {Harm Int+4
                  | Dex-3}
  4035 | D:6      | Noticed Menkaure
  4037 | D:6      | Found Zin's Purification Station.
  4045 | D:6      | Killed Menkaure
  4046 | D:6      | Reached skill level 4 in Axes
  4048 | D:6      | Reached skill level 1 in Stealth
  4051 | D:6      | Found a glowing silver altar of Zin.
  4154 | D:6      | Noticed Maggie
  4184 | D:6      | Killed Maggie
  4185 | D:6      | Reached skill level 5 in Shields
  4360 | D:6      | Reached XP level 9. HP: 53/53 MP: 12/12
  4403 | D:6      | Reached skill level 5 in Axes
  4459 | D:7      | Found Teichun's Gadget Gallery.
  4676 | D:7      | Reached skill level 5 in Invocations
  4832 | D:7      | Found a glowing golden altar of the Shining One.
  4843 | D:7      | Found a staircase to the Ecumenical Temple.
  6203 | D:6      | Reached skill level 5 in Fighting
  6203 | D:6      | Reached skill level 6 in Axes
  6737 | D:8      | Noticed a two-headed ogre
  6764 | D:8      | Killed a two-headed ogre
  6765 | D:8      | Reached XP level 10. HP: 46/59 MP: 14/14
  6920 | D:8      | Reached skill level 7 in Axes
  7069 | D:8      | Noticed a two-headed ogre
  7130 | D:8      | Killed a two-headed ogre
  7131 | D:8      | Reached skill level 1 in Throwing
  7364 | D:8      | Noticed a two-headed ogre
  7376 | D:8      | Killed a two-headed ogre
  7784 | D:8      | Reached skill level 8 in Axes
  8394 | D:9      | Reached **** piety under Lugonu
  8429 | D:9      | Noticed a two-headed ogre
  8445 | D:9      | Killed a two-headed ogre
  8446 | D:9      | Reached XP level 11. HP: 66/66 MP: 16/16
  8534 | D:9      | Found a shadowy altar of Dithmenos.
  8701 | D:9      | Noticed Psyche
  8706 | D:9      | Reached skill level 9 in Axes
  8722 | D:9      | Killed Psyche
  8975 | D:9      | Paralysed by a floating eye for 2 turns
  9187 | D:9      | Noticed Grum
  9199 | D:9      | Reached ***** piety under Lugonu
  9207 | D:9      | Killed Grum
  9370 | D:9      | Found a broken altar of Ashenzari.
  9370 | D:9      | Found a radiant altar of Vehumet.
  9624 | D:10     | Entered Level 10 of the Dungeon
 10115 | D:10     | Reached skill level 10 in Axes
 10439 | D:11     | Noticed a boulder beetle
 10464 | D:11     | Killed a boulder beetle
 10684 | D:11     | Noticed an oklob plant
 10708 | D:11     | Found a staircase to the Lair.
 10708 | D:11     | Noticed an oklob plant
 10730 | D:11     | Killed an oklob plant
 10760 | D:11     | Killed from afar by an oklob plant

Illustrated notes

Levels and vault maps discovered:
D:1:      matt_arrival_los_fun, layout_rooms, nicolae_shop_vocational
D:2:      layout_basic, basic_ecumenical_altar
D:3:      layout_rooms, nicolae_gozag_cash_rules_everything_around_me,
          minmay_bisected
D:4:      layout_basic, mainiacjoe_overflow_alcove_4, uniq_crazy_yiuf_cottage
D:5:      layout_cave_pools, minmay_manual_mess, uniq_grinder
D:6:      layout_loops_ring, zin_purify, serial_demonic, serial_demonic_e,
          serial_demonic_a, serial_demonic_a, serial_demonic_d, uniq_maggie,
          uniq_menkaure
D:7:      layout_layer_cave, tso_metal_star, minmay_temple_entry_hall,
          nicolae_shop_gadgets
D:8:      layout_gridville, kennysheep_kite_vault
D:9:      layout_irregular_city, gammafunk_temple_overflow_wave,
          mainiacjoe_overflow_paths, st_stairs_2, onia_ninara_cookie,
          uniq_psyche, uniq_grum
D:10:     layout_loops_ring
D:11:     layout_basic, dpeg_oklobed_lair, serial_shops, shop

Skill      XL: |  1  2  3  4  5  6  7  8  9 10 11 |
---------------+----------------------------------+-----
Shields        | 4 5 6 |  6.7
Maces & Flails | 3 |  3.6
Armour         | 4 5 6 8 9 |  9.9
Invocations    | 1 2 3 4 6 7 8 |  8.4
Fighting       | 4 5 6 7 |  7.8
Axes           | 1 3 4 6 8 10 | 10.3
Dodging        | 1 |  1.7
Stealth        | 1 2 |  2.4
Throwing       | 1 |  1.8
Short Blades   | |  0.4

Action                   |  1- 3 |  4- 6 |  7- 9 | 10-12 || total
-------------------------+-------+-------+-------+-------++-------
Melee: Flail             |   122 |     4 |       |       ||   126
       Hand axe          |       |    47 |   216 |   321 ||   584
       Short sword       |       |    14 |       |       ||    14
Throw: Stone             |     1 |     7 |       |     1 ||     9
       Dart              |       |       |       |    13 ||    13
  Use: Scroll            |       |       |       |    10 ||    10
Armor: Scale mail        |    97 |       |       |       ||    97
       Chain mail        |     7 |    31 |    14 |       ||    52
       Plate armour      |       |       |    86 |   121 ||   207
Dodge: Dodged            |    94 |    41 |   197 |   173 ||   505
Block: Buckler           |    28 |    16 |    40 |    59 ||   143
